 Dungeon Crawl Stone Soup version 0.29-a0-653-gd47aff6735 (webtiles) character file.

Game seed: 11466752034333835673

18 Newt the Skirmisher (level 2, -3/36 HPs)
             Began as a Demonspawn Abyssal Knight on June 21, 2022.
             Was a Believer of Lugonu.
             Slain by Crazy Yiuf
             ... wielding a +3 quarterstaff of chaos
              (6 damage)
             ... on level 2 of the Dungeon.
             The game lasted 00:03:04 (483 turns).

Newt the Skirmisher (Demonspawn Abyssal Knight)      Turns: 483, Time: 00:03:05

Health: -3/36      AC: 21    Str: 13    XL:     2   Next: 48%
Magic:  4/4        EV:  2    Int: 11    God:    Lugonu [**....]
Gold:   0          SH:  0    Dex: 13    Spells: 1/1 levels left

rFire   . . .      SeeInvis .   a - +1 spear
rCold   . . .      Faith    .   (no shield)
rNeg    . . .      Spirit   .   (body armour currently unavailable)
rPois   +          Reflect  .   (helmet currently unavailable)
rElec   .          Harm     .   (cloak currently unavailable)
rCorr   .          Rampage  .   (gloves currently unavailable)
Will    .....      NoTele   +   (boots currently unavailable)
Stlth   +.........              (no amulet)
HPRegen 0.12/turn               (no ring)
MPRegen 0.09/turn               (no ring)

@: tree-form, slowed, very slow
A: stationary, stasis, torment immunity, boosted hp, (slimy green scales 1)
a: Renounce Religion, Depart the Abyss, Bend Space


You were on level 2 of the Dungeon.
You worshipped Lugonu.
Lugonu was pleased with you.
You were a tree.
You visited 1 branch of the dungeon, and saw 2 of its levels.
You visited the Abyss 1 time.

Inventory:

Hand Weapons
 a - a +1 spear (weapon)
Armour
 b - a +0 leather armour (melded)
Scrolls
 c - a scroll of blinking {unknown}


   Skills:
 + Level 3.5 Fighting
 + Level 2.0 Polearms
 + Level 1.8 Armour
 - Level 0.8 Dodging
 + Level 2.7 Invocations


You had one spell level left.
You didn't know any spells.
Your spell library was empty.

Dungeon Overview and Level Annotations

Branches:
Dungeon (2/15)

Altars:

Annotations:
D:2 Crazy Yiuf


Innate Abilities, Weirdness & Mutations

You are a tree.
Your roots penetrate the ground, keeping you stationary.
You cannot be teleported.
You are immune to unholy pain and torment.
Your maximum health is greatly increased.
Your equipment is partially melded.
((You are partially covered in slimy green scales. (AC +2)))


Message History

You kill the goblin!
Lugonu accepts your kill.
You start resting.
HP restored.
Things that are here:
a +0 dagger; a goblin corpse
Found a mace.
Found a runed translucent door.
Reach: a) +1 spear
Press: ? - help, Dir - move target, f - Crazy Yiuf
Aim: Crazy Yiuf, wielding a +3 quarterstaff of chaos and wearing a +0 cloak (fire blocked by a runed translucent door, about 34% to evade your +1 spear)
Okay, then.
Reach: a) +1 spear
Press: ? - help, Dir - move target, f - Crazy Yiuf
Aim: Crazy Yiuf, wielding a +3 quarterstaff of chaos and wearing a +0 cloak (fire blocked by a runed translucent door, about 34% to evade your +1 spear) There's something in the way.
Okay, then.
You open the door.
Crazy Yiuf grits, "Millenium noodlescoop sizzlefizz!"
You closely miss Crazy Yiuf.
Crazy Yiuf hits you with a +3 quarterstaff of chaos.
Reach: a) +1 spear
Press: ? - help, Dir - move target, f/p - Crazy Yiuf
Aim: Crazy Yiuf, wielding a +3 quarterstaff of chaos and wearing a +0 cloak (about 34% to evade your +1 spear)
You hit Crazy Yiuf.
Crazy Yiuf is lightly wounded.
Crazy Yiuf hits you with a +3 quarterstaff of chaos!
Reach: a) +1 spear
Press: ? - help, Dir - move target, f/p - Crazy Yiuf
Aim: Crazy Yiuf, wielding a +3 quarterstaff of chaos and wearing a +0 cloak (lightly wounded, about 34% to evade your +1 spear)
You hit Crazy Yiuf.
Crazy Yiuf is moderately wounded.
Crazy Yiuf hits you with a +3 quarterstaff of chaos!
* * * LOW HITPOINT WARNING * * *
You feel yourself slow down.
Okay, then.
It was a potion of lignification.
You turn into a tree.
Your +0 leather armour melds into your body.
Your roots penetrate the ground.
Crazy Yiuf hits you with a +3 quarterstaff of chaos.
You die...

########
##.#..#.### ###
##......#..##...#
#......####♣g...#
#...#.## ###..)#
### ##.##### ###
..###..##
).......#
#.####### #.# #.#
#.#


You could see Crazy Yiuf.

Vanquished Creatures
  3 ball pythons (D:1)
  2 giant cockroaches (D:1)
  4 goblins
  A quokka (D:2)
  A bat (D:1)
  2 kobolds (D:1)
  4 rats
17 creatures vanquished.

Notes
Turn   | Place    | Note
-------+----------+-------------------------------------------
     0 | Abyss:1  | Newt the Demonspawn Abyssal Knight began the quest for the
                  | Orb.
     0 | Abyss:1  | Reached XP level 1. HP: 18/18 MP: 2/2
    52 | Abyss:2  | Noticed a centaur
    55 | D:1      | Escaped the Abyss
   190 | D:1      | Reached ** piety under Lugonu
   197 | D:1      | Gained mutation: You are partially covered in slimy green
                  | scales. (AC +2) [demonic ancestry]
   197 | D:1      | Reached XP level 2. HP: 21/24 MP: 3/3
   473 | D:2      | Found a runed translucent door.
   474 | D:2      | Noticed Crazy Yiuf
   482 | D:2      | HP: 1/24 [Crazy Yiuf/+3 quarterstaff of chaos (7)]
   483 | D:2      | Slain by Crazy Yiuf

Illustrated notes

Levels and vault maps discovered:
D:1:      dpeg_arrival_rhombus, layout_basic, minivault_25
D:2:      layout_loops_corners, basic_ecumenical_altar, uniq_robin,
          uniq_terence, uniq_crazy_yiuf_cottage

Skill      XL: |  1  2 |
---------------+-------+-----
Polearms       | 2 |  2.0
Fighting       | |  3.5
Armour         | |  1.8
Dodging        | |  0.8
Invocations    | |  2.7

Action                   || total
-------------------------++-------
Melee: Spear             ||    52
Invok: Depart the Abyss  ||     1
  Use: Potion            ||     1
Armor: Leather armour    ||    12
Dodge: Dodged            ||    16

Table legend: (Time is in decaauts)
 A = Elapsed time spent in this place.
 B = Non-inter-level travel time spent in this place.
 C = Inter-level travel time spent in this place.
 D = Time resting spent in this place.
 E = Time spent auto-exploring this place.
 F = Levels seen in this place.
 G = Mean time per level.
                   A        B        C        D        E       F      G
               +--------+--------+--------+--------+--------+-----+--------+
         Total |    482 |    482 |      0 |     45 |     67 |   4 |  120.5 |
       Dungeon |    427 |    427 |      0 |     45 |     67 |   2 |  213.5 |
         Abyss |     54 |     54 |      0 |      0 |      0 |   2 |   27.0 |
               +--------+--------+--------+--------+--------+-----+--------+

Top non-repeatable levels by time:
     D:1: 303 daAuts
     D:2: 123 daAuts
 Abyss:2: 32 daAuts
 Abyss:1: 22 daAuts
